 Dungeon Crawl Stone Soup version 0.12.2-6-g2b2ad49 (webtiles) character file.

2274 Snargelfargen the Slasher (level 8, 0/67 HPs)
             Began as a Centaur Gladiator on June 12, 2013.
             Was a Believer of Nemelex Xobeh.
             Slain by an orc warrior
             ... wielding a +0,+0 orcish halberd
              (13 damage)
             ... on Level 7 of the Dungeon on June 13, 2013.
             The game lasted 01:11:24 (7216 turns).

Snargelfargen the Slasher (Centaur Gladiator)       Turns: 7216, Time: 01:11:24

HP   0/67        AC 10     Str 20      XL: 8   Next: 97%
MP   6/12        EV  2     Int  7      God: Nemelex Xobeh [**....]
Gold 345         SH  0     Dex  9 (10) Spells:  0 memorised,  7 levels left

Res.Fire  : . . .   See Invis. : .   i - +0 scimitar
Res.Cold  : . . .   Warding    : .   b - +1 dwarf plate armour
Life Prot.: . . .   Conserve   : .   (no shield)
Res.Poison: .       Res.Corr.  : .   (helmet restricted)
Res.Elec. : .       Clarity    : .   r - +0 cloak
Sust.Abil.: . .     Spirit.Shd : .   (no gloves)
Res.Mut.  : .       Stasis     : .   (no barding)
Res.Rott. : .       Ctrl.Telep.: .   (no amulet)
Saprovore : . . .   Flight     : .   (no ring)
                                     (no ring)

@: very quick, slightly resistant to hostile enchantments, extremely unstealthy
A: hooves 3, horns 1, deformed body, herbivore 1, speed 2, fast metabolism 1,
tough skin 3
a: Draw One, Peek at Two, Renounce Religion


You were on level 7 of the Dungeon.
You worshipped Nemelex Xobeh.
Nemelex Xobeh was greatly pleased with you.
You were hungry.

You visited 2 branches of the dungeon, and saw 8 of its levels.

You collected 359 gold pieces.

Inventory:

Hand weapons
 a - a +0,+0 falchion
 i - a +0,+0 scimitar (weapon)
 l - a +0,+0 spear
 m - a +0,+0 long sword
 n - a +1,+0 spear
 s - a +0,+0 spear
 x - a +0,+0 long sword
 F - a +0,+0 spear
 Q - a +0,+0 spear
Missiles
 d - 15 sling bullets of flame
 e - 10 stones
 j - 30 darts (quivered)
 p - 14 bolts
 q - 4 poisoned darts
 G - a throwing net [torn]
 J - a throwing net
Armour
 b - a +1 dwarven plate armour (worn)
 g - a +0 orcish leather armour
 o - a +0 buckler
 r - a +0 cloak (worn)
 y - a +0 plumed helmet
Magical devices
 k - a wand of slowing (14)
 w - a wand of cold (5)
Comestibles
 f - 5 bread rations
Scrolls
 c - a scroll of fog
 R - 2 scrolls of magic mapping
 Z - 4 scrolls of teleportation
Jewellery
 h - a cursed ring of hunger {unknown}
Potions
 t - a potion of magic {unknown}
 u - 4 potions of curing
 v - a potion of might
 E - a potion of flight {unknown}
 L - a potion of speed {unknown}
 W - a potion of restore abilities
Miscellaneous
 V - an ornate deck of escape {drawn: 4}


   Skills:
 - Level 5.0 Fighting
 * Level 7.4 Long Blades
 - Level 3.0 Throwing
 - Level 2.1 Dodging
   Level 2.1 Transmutations
 + Level 5.4 Evocations


You had 7 spell levels left.
You didn't know any spells.

Dungeon Overview and Level Annotations

Branches:
Dungeon (7/27)             Temple (1/1) D:5
    Orc: D:6-11

Altars:
Ashenzari
Cheibriados
Fedhas
Kikubaaqudgha
Makhleb
Nemelex Xobeh
Sif Muna
Trog
Vehumet
Xom
Zin
the Shining One

Annotations
D:4 crap stash
D:5 crap stash 2
D:6 weapon stash


Innate Abilities, Weirdness & Mutations

You have hooves in place of feet.
Armour fits poorly on your strangely shaped body.
You digest meat inefficiently.
You cover ground very quickly.
You have a fast metabolism.
You have extremely tough skin (AC +3).
You have a pair of small horns on your head.


Message History

The orc warrior hits you with an orcish halberd!
* * * LOW HITPOINT WARNING * * *
Use which ability? (? or * to list) Draw from which deck? (? for menu, Esc to quit)
You draw a card...
It is the Tomb.
Walls emerge from the floor!
The orc warrior hits you with an orcish halberd.
* * * LOW HITPOINT WARNING * * *
Use which ability? (? or * to list) Draw from which deck? (? for menu, Esc to quit)
You draw a card...
It is the Tomb.
Nothing appears to happen.
The orc warrior hits you with an orcish halberd.
* * * LOW HITPOINT WARNING * * *
Use which ability? (? or * to list) Draw from which deck? (? for menu, Esc to quit)
You draw a card...
It is Velocity.
You feel quick.
Drink which item? (? for menu, Esc to quit)
You feel better.
The orc warrior hits you with an orcish halberd!
You die...
Your body glows slightly and disappears.

..# ...# #..# ..# #..#
#..# ..# #..# #..# ..#
#..# #..# ..# #..#
#..# ..# #..# #..#
..#####..# #..#
..#......##########..#
.>.........((.(#@#...#
###.#####..#.##o######
#. #..#.##.# ..
#..#.##.# ...
####.##.# .58.
#.......#### ....
####.......#


.ooo #.#####.# o #.# You could see an orc warrior.

Vanquished Creatures
  Prince Ribbit (D:4)
  The ghost of Snargelfargen the Skirmisher, an average DsFi (D:4)
  A manticore zombie (D:5)
  A sky beast (D:6)
  An ice beast (D:5)
  2 ogres (D:5)
  A gnoll sergeant (D:6)
  2 giant frogs (D:6)
  A goliath beetle (D:6)
  3 crimson imps
  2 hounds
  4 orc priests
  2 scorpions
  2 iguanas
  2 quasits
  5 worker ants
  3 orc wizards
  A goliath beetle zombie (D:5)
  5 gnolls (D:6)
  5 adders
  An adder skeleton (D:6)
  A giant mite (D:5)
  3 worms
  An inept feature mimic (D:5)
  3 giant eyeballs
  4 giant geckos
  2 oozes
  18 orcs
  16 hobgoblins
  4 jackals (D:6)
  A ball python (D:1)
  10 bats
  5 giant cockroaches
  8 giant newts
  8 goblins
  A jackal zombie (D:6)
  9 kobolds
  An orc skeleton (D:5)
  4 quokkas
  13 rats
158 creatures vanquished.

Vanquished Creatures (others)
  A quokka (D:6)
1 creature vanquished.

Grand Total: 159 creatures vanquished

Notes
Turn   | Place    | Note
--------------------------------------------------------------
     0 | D:1      | Snargelfargen, the Centaur Gladiator, began the quest for the Orb.
     0 | D:1      | Reached XP level 1. HP: 18/18 MP: 0/0
   146 | D:1      | Reached skill level 3 in Throwing
   251 | D:1      | Reached XP level 2. HP: 16/25 MP: 1/1
   976 | D:2      | Reached XP level 3. HP: 26/30 MP: 2/2
  1219 | D:2      | Found a radiant altar of Vehumet.
  1525 | D:3      | Found a bloodstained altar of Trog.
  1584 | D:3      | Reached XP level 4. HP: 30/38 MP: 2/2
  1593 | D:3      | Reached skill level 4 in Long Blades
  1769 | D:3      | Found a deep blue altar of Sif Muna.
  1780 | D:3      | Found a glowing silver altar of Zin.
  1938 | D:3      | Reached XP level 5. HP: 36/45 MP: 3/3
  2337 | D:4      | Found a glowing golden altar of the Shining One.
  2435 | D:4      | Noticed Prince Ribbit
  2447 | D:4      | Killed Prince Ribbit
  2447 | D:4      | Reached skill level 5 in Long Blades
  2447 | D:4      | Reached XP level 6. HP: 8/52 MP: 4/4
  2801 | D:4      | Reached skill level 6 in Long Blades
  3446 | D:4      | Noticed Snargelfargen's ghost (average DsFi)
  3459 | D:5      | Entered Level 5 of the Dungeon
  3481 | D:5      | Reached XP level 7. HP: 53/58 MP: 4/4
  3826 | D:5      | Found a staircase to the Ecumenical Temple.
  3832 | Temple   | Entered the Ecumenical Temple
  4047 | Temple   | Became a worshipper of Nemelex Xobeh
  4053 | Temple   | Received a gift from Nemelex Xobeh
  4146 | D:5      | Reached skill level 1 in Evocations
  4329 | D:5      | Reached skill level 5 in Fighting
  4335 | D:5      | Gained mutation: You have a pair of small horns on your head. [helix card]
  4341 | D:5      | Acquired Nemelex Xobeh's first power
  4392 | D:5      | Paralysed by a giant eyeball for 3 turns
  4418 | D:5      | Found an ancient bone altar of Kikubaaqudgha.
  4671 | D:5      | Reached skill level 1 in Transmutations
  4764 | D:5      | Reached XP level 8. HP: 38/67 MP: 8/8
  5172 | D:5      | Acquired Nemelex Xobeh's second power
  5395 | D:6      | HP: 3/67 [iguana (2)]
  5502 | D:6      | Reached skill level 7 in Long Blades
  5641 | D:6      | Paralysed by a giant eyeball for 3 turns
  6046 | D:6      | Found a burning altar of Makhleb.
  6107 | D:6      | Received a gift from Nemelex Xobeh
  6762 | D:4      | Killed Snargelfargen's ghost
  6762 | D:4      | Reached skill level 5 in Evocations
  7216 | D:7      | Slain by an orc warrior

Action                   |  1- 3 |  4- 6 |  7- 9 || total
-------------------------+-------+-------+-------++-------
Melee: Falchion          |    82 |   109 |    40 ||   231
       Long sword        |       |       |   190 ||   190
       Scimitar          |       |       |    22 ||    22
Throw: Stone             |    21 |       |       ||    21
       Spear             |     1 |     3 |    14 ||    18
       Dart              |    38 |    61 |   127 ||   226
       Dagger            |       |    16 |    28 ||    44
       Throwing net      |       |     3 |     1 ||     4
Invok: Draw One          |       |       |     4 ||     4
Evoke: Deck              |       |       |     9 ||     9
       Wand              |       |       |     9 ||     9
  Use: Potion            |     3 |     2 |     4 ||     9
       Scroll            |     6 |     4 |     2 ||    12
